 Dungeon Crawl Stone Soup version 0.30-b1-2-g02819fbbbe (webtiles) character file.

Game seed: 16347360698375997557

19543 maniek23 the Impaler (level 12, -11/110 HPs)
             Began as a Minotaur Monk on July 23, 2023.
             Was the Champion of Okawaru.
             Mangled by Urug
             ... wielding a +1 double sword of venom
              (20 damage)
             ... on level 2 of the Lair of Beasts.
             The game lasted 01:08:46 (14007 turns).

maniek23 the Impaler (Minotaur Monk)               Turns: 14007, Time: 01:08:48

Health: -11/110    AC: 13    Str: 21    XL:     12   Next: 37%
Magic:  35/35      EV: 15    Int:  7    God:    Okawaru [******]
Gold:   613        SH:  0    Dex: 19    Spells: 11/11 levels left

rFire   . . .        b - +5 bardiche (protect)
rCold   . . .        (shield currently unavailable)
rNeg    . . .        Q - +3 ring mail
rPois   .            (helmet restricted)
rElec   .            (no cloak)
rCorr   .            u - +2 pair of gloves
SInv    .            (no boots)
Will    .....        P
                       - Hermit's Pendant {Faith Invo=14 Evo=0 MP+5}
Stlth   ++           f - ring "Igal" {MP+9 Dex+6}
HPRegen 0.38/turn    p - ring of flight
MPRegen 0.24/turn

%: faith
@: about to teleport, flying, slowed, very slow
A: horns 2, retaliatory headbutt
a: Renounce Religion, Heroism, Finesse, Duel


You were on level 2 of the Lair of Beasts.
You worshipped Okawaru.
Okawaru was exalted by your worship.
You visited 2 branches of the dungeon, and saw 13 of its levels.
You also visited: Ossuary and Bailey.

You collected 688 gold pieces.
You spent 75 gold pieces at shops.

Inventory:

Hand Weapons
 b - a +5 bardiche of protection (weapon)
 y - a +0 trident
Missiles
 z - 7 javelins (quivered)
 F - 15 boomerangs
 S - 3 boomerangs of dispersal
 Z - 2 atropa-tipped darts
Armour
 d - an orb of light
 u - a +2 pair of gloves (worn)
 C - the +1 kite shield of Waace Risie {rElec rPois MP+9}
   (You found it on level 5 of the Dungeon)

   rElec:     It insulates you from electricity.
   rPois:     It protects you from poison.
   MP:        It affects your magic capacity (+9).
 Q - a +3 ring mail (worn)
 W - an orb of wrath
 Y - the +0 leather armour of the Pirate {rElec rPois rF- Will+}
   (You found it on level 2 of the Lair of Beasts)

   rF:        It makes you vulnerable to fire.
   rElec:     It insulates you from electricity.
   rPois:     It protects you from poison.
   Will:      It increases your willpower.
Magical Staves
 M - the staff of conjuration "Tiusay" {rN+}
   (You found it in a bailey)

   [staff of conjuration]

   Base accuracy: +5 Base damage: 5 Base attack delay: 1.2 This weapon's minimum
   attack delay (0.6) is reached at skill level 12.
   rN:        It protects you from negative energy.
   It falls into the 'Staves' category.
   It is a one-handed weapon.
Jewellery
 f - the ring "Igal" (left hand) {MP+9 Dex+6}
   (You found it on level 9 of the Dungeon)

   [ring of dexterity]

   Dex:       It affects your dexterity (+6).
   MP:        It affects your magic capacity (+9).
 p - a ring of flight (right hand)
 I - a ring of poison resistance
 P - the Hermit's Pendant (around neck) {Faith Invo=14 Evo=0 MP+5}
   (You found it on level 7 of the Dungeon)

   [amulet of faith]

   Invo=14: It sets your Invocations skill to 14.
   Evo=0: It sets your Evocations skill to 0.
   It allows you to gain divine favour quickly.
   MP:        It affects your magic capacity (+5).
 X - a ring of resist corrosion
Wands
 x - a wand of paralysis (5)
 E - a wand of flame (10)
 U - a wand of mindburst (20)
Scrolls
 i - 2 scrolls of identify
 j - 12 scrolls of teleportation
 k - 2 scrolls of amnesia
 l - 4 scrolls of fear
 n - 5 scrolls of noise
 o - 2 scrolls of fog
 q - 3 scrolls of enchant armour
 r - 4 scrolls of vulnerability
 w - 4 scrolls of poison
 A - 2 scrolls of immolation {unknown}
 B - 2 scrolls of blinking
 G - a scroll of enchant weapon
 J - a scroll of brand weapon {unknown}
 R - a scroll of acquirement
 T - a scroll of magic mapping {unknown}
Potions
 a - a potion of magic
 c - 4 potions of ambrosia
 e - a potion of invisibility {unknown}
 g - 2 potions of attraction {unknown}
 h - 3 potions of brilliance
 m - 2 potions of lignification {unknown}
 s - a potion of curing
 t - 2 potions of haste {unknown}
 D - 3 potions of flight
 K - a potion of heal wounds {unknown}
 L - 2 potions of resistance
 O - a potion of might
 V - a potion of berserk rage


   Skills:
 + Level 11.1 Fighting
 + Level 15.7 Polearms
 * Level 8.9 Throwing
 + Level 8.5 Armour
 + Level 7.3 Dodging
 + Level 2.8 Stealth
 - Level 2.1(14.0) Invocations
 - Level 0.3(0.0) Evocations


You had 11 spell levels left.
You didn't know any spells.
Your spell library contained the following spells:

 Spells                   Type           Power      Damage    Failure   Level
 Sandblast                Erth           0%         2d4       56%         1
 Shock                    Conj/Air       0%         1d3       56%         1
 Passwall                 Tmut/Erth      0%         N/A       71%         2
 Stone Arrow              Conj/Erth      0%         3d7       91%         3
 Swiftness                Air            0%         N/A       91%         3
 Volatile Blastmotes      Fire/Tloc      0%         2d10      91%         3
 Airstrike                Air            0%         2d(0-16)  100%        4
 Fulminant Prism          Conj/Hex       0%         3d5       100%        4
 Iskenderun's Mystic Bla  Conj/Tloc      0%         2d3       100%        4
 Lee's Rapid Deconstruct  Erth           0%         3d4*      100%        5
 Eringya's Noxious Bog    Tmut/Pois      0%         N/A       100%        6
 Summon Forest            Summ/Tloc      Unusable   N/A       N/A         5
 Summon Hydra             Summ           Unusable   N/A       N/A         7

Dungeon Overview and Level Annotations

Branches:
Dungeon (11/15)            Temple (0/1) D:5            Lair (2/5) D:11
 Spider (0/4) Lair:2          Orc (0/2) D:10        Ossuary (visited)
 Bailey (visited)
  Swamp: Lair:2-3    Shoals: Lair:2-3

Altars:
Hepliaklqana
Okawaru
Sif Muna
Xom

Shops:
D:4 *   D:11 =

Annotations:
Lair:2 Amaemon, Urug


Innate Abilities, Weirdness & Mutations

You have a pair of horns on your head.
You reflexively headbutt those who attack you in melee.


Message History

The yak is almost dead.
You feel sick. The orange demon closely misses you. The yak misses you.
You slash the yak!
You kill the yak!
Okawaru accepts your kill.
You feel sick.
The orange demon stings you but does no damage.
The orange demon misses you. Urug hits you but does no damage.
You are more poisoned.
You closely miss Urug. You headbutt Urug, but do no damage.
You feel very sick.
Urug hits you with a +1 double sword of venom.
You are more poisoned.
The orange demon stings you but does no damage.
Amaemon gestures wildly while chanting.
Urug hits you with a +1 double sword of venom!!
You are more poisoned.
You closely miss Urug.
You feel extremely sick.
The orange demon no longer looks unusually toxic.
The orange demon stings you from afar. Urug closely misses you.
As you read the scroll of teleportation, it crumbles to dust.
You feel strangely unstable.
* * * LOW HITPOINT WARNING * * *
You feel extremely sick.
Urug hits you with a +1 double sword of venom!!
* * * LOW HITPOINT WARNING * * *
You are more poisoned.
The orange demon stings you from afar.
* * * LOW HITPOINT WARNING * * *
The orange demon misses you. Urug completely misses you.
You feel better.
Amaemon's tail lashes.
Amaemon casts a spell at something.
Urug closely misses you. You furiously retaliate!
You headbutt Urug. The orange demon stings you from afar.
* * * LOW HITPOINT WARNING * * *
Urug attacks as you move away!
Urug hits you with a +1 double sword of venom!!
You die...

..##...
...#~..#~.#.#..#...##...
..# ..#..
#..###..##..#...# ..# ..
#~~. #~.#.#..##..##..# ..
#.. #..##......~#...#...#
# # #...
#~.#†....~##..##...# .#
#...##...###..#... #....#
#.#
#....##...##.#...~~#....#
..#
#.....##~......~~........
..#
#...Y#@#~~.~~.##.....#.
###
#...4o#####~###....##.. #
#.....s..# #.....##.#. #
##.##.6..... .....##.#.)
# .##.........###.##.. ..
.###.##. #.# #P. #.. .#
##....####.. .. ..
.....##<.... ... ..
........#..#


You could see Amaemon, Urug, an orange demon and a scorpion (summoned, curare).

Vanquished Creatures
  A boulder beetle (D:11)
  2 two-headed ogres
  A wizard (D:7)
  2 orc knights (Bailey)
  A manticore (D:11)
  A black mamba (Lair:2)
  4 cane toads
  A komodo dragon (Lair:1)
  2 hornets
  6 blink frogs (Lair:1)
  5 jumping spiders (Lair:2)
  2 wyverns
  2 vampires
  24 yaks
  A culicivora (Lair:2)
  4 redbacks (Lair:2)
  2 steam dragons
  Grum (Lair:1)
  2 vampire mosquitoes (D:10)
  A warg (D:10)
  4 water moccasins
  16 orc warriors
  3 black bears
  2 sky beasts
  An ice beast (D:7)
  2 ogres
  3 wolves (Lair:1)
  11 centaurs
  2 kobold brigands
  7 bullfrogs
  2 gnoll sergeants
  A scorpion (D:7)
  5 wights (D:8)
  9 killer bees
  4 howler monkeys
  An electric eel (D:8)
  2 human zombies (Ossuary)
  A jelly (D:8)
  5 orc priests
  3 hounds (D:5)
  3 iguanas
  3 sleepcaps
  10 orc wizards
  4 mummies (Ossuary)
  Robin (D:3)
  11 adders
  16 gnolls
  A worm (D:3)
  A dart slug (D:3)
  47 orcs
  8 ball pythons
  7 endoplasms
  2 giant cockroaches
  A gnoll zombie (Ossuary)
  23 goblins
  10 hobgoblins
  3 jackals (D:1)
  8 quokkas
  5 bats
  2 frilled lizards (D:1)
  2 goblin zombies (Ossuary)
  2 hobgoblin zombies (Ossuary)
  18 kobolds
  An orc zombie (Ossuary)
  6 rats
  A bush (Lair:2)
345 creatures vanquished.

Vanquished Creatures (others)
  4 fungi (Lair:1)
  10 plants
14 creatures vanquished.

Grand Total: 359 creatures vanquished

Notes
Turn   | Place    | Note
-------+----------+-------------------------------------------
     0 | D:1      | maniek23 the Minotaur Monk began the quest for the Orb.
     0 | D:1      | Reached XP level 1. HP: 19/19 MP: 0/0
   215 | D:1      | Reached XP level 2. HP: 27/27 MP: 1/1
   569 | D:1      | Reached skill level 4 in Polearms
  1031 | D:2      | Reached XP level 3. HP: 33/33 MP: 2/2
  1214 | D:3      | Reached skill level 1 in Armour
  1214 | D:3      | Reached XP level 4. HP: 24/41 MP: 3/3
  1576 | D:2      | Reached skill level 5 in Polearms
  2029 | D:3      | Reached XP level 5. HP: 47/47 MP: 4/4
  2097 | D:3      | Noticed Robin
  2134 | D:3      | Killed Robin
  2301 | D:3      | Found an iron altar of Okawaru.
  2313 | D:3      | Became a worshipper of Warmaster Okawaru
  2313 | D:3      | Reached * piety under Okawaru
  2313 | D:3      | Reached ** piety under Okawaru
  2547 | D:4      | Found Femo's Assorted Antiques.
  2560 | D:3      | Reached skill level 5 in Fighting
  2799 | D:4      | Noticed a black bear
  2802 | D:4      | Killed a black bear
  2803 | D:4      | Reached skill level 6 in Polearms
  2803 | D:4      | Reached XP level 6. HP: 56/56 MP: 5/5
  3163 | D:4      | Bought a potion of curing for 75 gold pieces
  3270 | D:5      | Entered Level 5 of the Dungeon
  3367 | D:5      | Reached *** piety under Okawaru
  3368 | D:5      | Reached XP level 7. HP: 62/62 MP: 6/6
  3423 | D:5      | Reached skill level 7 in Polearms
  3572 | D:5      | Reached skill level 1 in Throwing
  4142 | D:5      | Identified the +1 kite shield of Waace Risie {rElec rPois
                  | MP+9}
  4166 | D:5      | Reached skill level 8 in Polearms
  4166 | D:5      | Reached XP level 8. HP: 71/71 MP: 7/7
  4429 | D:5      | Found a staircase to the Ecumenical Temple.
  4847 | D:6      | Reached **** piety under Okawaru
  5190 | D:6      | Found a hazy altar of Hepliaklqana.
  5271 | D:7      | Reached skill level 5 in Dodging
  5296 | D:7      | Received a gift from Okawaru
  5358 | D:7      | Reached skill level 9 in Polearms
  5358 | D:7      | Reached skill level 5 in Armour
  5469 | D:7      | Found a sand-covered staircase.
  5519 | Ossuary  | Entered an ossuary
  5917 | D:7      | Reached skill level 1 in Invocations
  5917 | D:7      | Reached XP level 9. HP: 72/80 MP: 8/8
  6044 | D:7      | Noticed a wizard
  6049 | D:7      | Killed a wizard
  6080 | D:7      | Found a faded altar of an unknown god.
  6080 | D:7      | Found the Hermit's Pendant {Faith Invo=14 Evo=0 MP+5}
  6389 | D:8      | Reached skill level 10 in Polearms
  6408 | D:8      | Reached ***** piety under Okawaru
  6446 | D:8      | Found a flagged portal.
  6459 | Bailey   | Entered a bailey
  6831 | Bailey   | Reached skill level 5 in Throwing
  7172 | Bailey   | Reached skill level 11 in Polearms
  7456 | Bailey   | Reached XP level 10. HP: 34/90 MP: 19/19
  7661 | Bailey   | Reached skill level 1 in Stealth
  7705 | Bailey   | Identified the staff of conjuration "Tiusay" {rN+}
  7707 | Bailey   | Noticed an orc knight
  7707 | Bailey   | Noticed an orc knight
  7772 | Bailey   | Received a gift from Okawaru
  7990 | Bailey   | Killed an orc knight
  8207 | Bailey   | Killed an orc knight
  8542 | D:8      | Received a gift from Okawaru
  8684 | D:8      | Reached skill level 12 in Polearms
  9495 | D:9      | Reached XP level 11. HP: 85/99 MP: 20/20
  9589 | D:9      | Received a gift from Okawaru
  9664 | D:9      | Noticed a two-headed ogre
  9665 | D:9      | Identified the ring "Igal" {MP+9 Dex+6}
  9720 | D:9      | Killed a two-headed ogre
  9721 | D:9      | Reached skill level 13 in Polearms
 10018 | D:9      | Received a gift from Okawaru
 10172 | D:10     | Entered Level 10 of the Dungeon
 10176 | D:10     | Paralysed by a hornet for 1 turns
 10364 | D:10     | Reached skill level 10 in Fighting
 10426 | D:11     | Noticed a two-headed ogre
 10716 | D:10     | Found a shimmering blue altar of Sif Muna.
 10716 | D:10     | Found a shimmering altar of Xom.
 10777 | D:10     | Found a staircase to the Orcish Mines.
 11204 | D:10     | Killed a two-headed ogre
 11648 | D:11     | Noticed a boulder beetle
 11672 | D:11     | Killed a boulder beetle
 11672 | D:11     | Received a gift from Okawaru
 11738 | D:11     | Received a gift from Okawaru
 11808 | D:11     | Found a staircase to the Lair.
 11877 | D:11     | Reached skill level 14 in Polearms
 12065 | D:11     | Found Zaozibb's Jewellery Shop.
 12267 | Lair:1   | Entered Level 1 of the Lair of Beasts
 12288 | Lair:1   | Found an iron altar of Okawaru.
 12313 | Lair:1   | Received a gift from Okawaru
 12440 | Lair:1   | Noticed Grum
 12450 | Lair:1   | Killed Grum
 12459 | Lair:1   | Received a gift from Okawaru
 12644 | Lair:1   | Reached ****** piety under Okawaru
 12846 | Lair:1   | Received a gift from Okawaru
 12856 | Lair:1   | Reached XP level 12. HP: 47/108 MP: 21/21
 13229 | Lair:2   | Identified the +0 leather armour of the Pirate {rElec rPois
                  | rF- Will+}
 13245 | Lair:2   | Received a gift from Okawaru
 13281 | Lair:2   | Reached skill level 15 in Polearms
 13369 | Lair:2   | Received a gift from Okawaru
 13578 | Lair:2   | Received a gift from Okawaru
 13843 | Lair:2   | Found a hole to the Spider Nest.
 13988 | Lair:2   | Noticed Amaemon
 13994 | Lair:2   | Noticed Urug
 14005 | Lair:2   | HP: 4/110 [Urug/+1 double sword of venom (25)]
 14007 | Lair:2   | Mangled by Urug

Illustrated notes

Levels and vault maps discovered:
D:1:      dpeg_arrival_stonehenge_8_columns, layout_loops_corners
D:2:      layout_basic, dreamdust_wishing_well
D:3:      layout_rooms, kennysheep_okawaru_gauntlet, uniq_robin
D:4:      layout_rooms, serial_shops, shop
D:5:      nicolae_cairo_tiling_large, layout_basic,
          minmay_temple_entry_nine_rooms
D:6:      layout_basic, nicolae_hepliaklqana_hippocampus
D:7:      layout_basic, nicolae_ossuary_entry_false_entrances,
          hellmonk_guarded_unrand_hermit
D:8:      layout_cave_pools, enter_bailey_7, chequers_big_river
D:9:      layout_basic, st_stairs_5
D:10:     layout_long_grid, gammafunk_temple_overflow_wave, david_orc_3
D:11:     layout_basic, dpeg_oklobed_lair, serial_shops, shop
Lair:1:   layout_roguey, basic_altar, uniq_grum
Lair:2:   hellmonk_ruined_rings, layout_loops_ring,
          nicolae_spider_entry_tight_spaces, uniq_amaemon, uniq_urug

Skill      XL: |  1  2  3  4  5  6  7  8  9 10 11 12 |
---------------+-------------------------------------+-----
Polearms       | 4 5 6 8 9 11 12 14 15 | 15.7
Fighting       | 4 5 6 7 8 9 10 11 | 11.1
Armour         | 1 2 3 4 5 6 7 8 |  8.5
Dodging        | 4 5 6 7 |  7.3
Throwing       | 2 4 5 6 8 |  8.9
Invocations    | 1 2 |  2.1
Stealth        | 1 2 |  2.8
Evocations     | |  0.3

Action                     |  1- 3 |  4- 6 |  7- 9 | 10-12 || total
---------------------------+-------+-------+-------+-------++-------
  Melee: Spear             |    85 |   192 |       |       ||   277
         Headbutt          |    17 |    25 |    53 |   101 ||   196
         Trident           |       |     1 |   327 |   269 ||   597
         Bardiche          |       |       |       |   284 ||   284
  Throw: Boomerang         |       |       |    12 |    16 ||    28
         Throwing net      |       |       |       |     1 ||     1
         Javelin           |       |       |       |     8 ||     8
 Invoke: Finesse           |       |       |     3 |     2 ||     5
         Heroism           |       |       |       |     8 ||     8
  Evoke: Wand              |       |       |     3 |       ||     3
    Use: Scroll            |       |     3 |    11 |     9 ||    23
         Potion            |       |       |     5 |     3 ||     8
   Stab: Sleeping          |       |       |       |     7 ||     7
         Distracted        |       |       |       |     2 ||     2
         Held in net/web   |       |       |       |     1 ||     1
 Armour: Robe              |     1 |       |       |       ||     1
         Leather armour    |     9 |    10 |       |       ||    19
         Chain mail        |       |    35 |    72 |       ||   107
         Ring mail         |       |       |    21 |   193 ||   214
  Dodge: Dodged            |    29 |    69 |   148 |   349 ||   595
